AoeStats
← Hecan

Arabia

510204935Analyzed
1v1 RM · 15h ago on Sep 29, 2026· 34m 47s· 2 players
Game mode
Random Map
Map size
Tiny (2 player)
Population
200
Speed
Normal
Resources
Standard
Victory
Conquest
Starting age
Dark Age
Ending age
Imperial Age
RankedLock teamsTeams togetherTeam positionsShared explorationLock speedFull tech treeHidden civsTurbo modeCheats
Victory
Defeat
🇨🇦 Franks · Canada
1157
+16
🇲🇽 Koreans · Mexico
1163
-16
Hecan
7:00 Loom
9:11 Feudal Age
10:01 Double-Bit Axe
16:28 Wheelbarrow
19:18 Castle Age
19:05 Forging
18:53 Gold Mining
20:10 Scale Barding Armor
20:22 Bow Saw
23:21 Chain Barding Armor
34:40 Imperial Age
32:22 Husbandry
33:35 Elite Skirmisher
35:04 Iron Casting
35:45 Conscription
Cid Hitokiri
14:51 Feudal Age
16:03 Double-Bit Axe
16:00 Horse Collar
22:09 Castle Age
20:42 Forging
21:26 Scale Mail Armor
22:54 Fletching
23:20 Bow Saw
24:00 Bodkin Arrow
Connection lost

Rejoining the realm…

Still unreachable

The connection could not be restored.

Session expired

The server has moved on; the page needs a fresh start.